 Dungeon Crawl Stone Soup version 0.27-a0-3-gcf006a40f5 (webtiles) character file.

Game seed: 15117084743028033686

58 sokol815 the Sneak (level 4, -15/27 HPs)
             Began as an Octopode Hedge Wizard on Jan 1, 2021.
             Demolished by a gnoll
             ... wielding a +0 halberd
              (19 damage)
             ... on level 1 of the Dungeon.
             The game lasted 00:03:31 (1759 turns).

sokol815 the Sneak (Octopode Hedge Wizard)          Turns: 1759, Time: 00:03:32

Health: -15/27     AC:  1    Str:  9    XL:     4   Next: 1%
Magic:  8/8        EV: 13    Int: 17    God:
Gold:   30         SH:  0    Dex: 11    Spells: 8/9 levels left

rFire    . . .     SeeInvis .   a - +0 dagger (vamp)
rCold    . . .     Faith    .   (no shield)
rNeg     . . .     Spirit   .   b - +0 hat
rPois    .         Reflect  .   (no amulet)
rElec    .         Harm     .   (no ring)
rCorr    .         Rampage  .   (no ring)
Will     .....                  (no ring)
Stlth    +++.......             (no ring)
HPRegen  0.09/turn              (no ring)
MPRegen  0.11/turn              (no ring)
                                (no ring)
                                (no ring)

@: no status effects
A: almost no armour, stealthy swim, amphibious, 8 rings, constrict 8, camouflage
1, gelatinous body 1
a: no special abilities


You were on level 1 of the Dungeon.
You visited 1 branch of the dungeon, and saw 2 of its levels.

You collected 30 gold pieces.

Inventory:

Hand Weapons
 a - a +0 vampiric dagger (weapon)
   (You took it off a goblin on level 1 of the Dungeon)
 j - a +1 dagger of venom
   (You took it off a kobold on level 1 of the Dungeon)
Missiles
 d - 39 stones
Armour
 b - a +0 hat (worn)
Scrolls
 c - a scroll of enchant weapon {unknown}
 e - a scroll of magic mapping {unknown}
 g - a scroll of remove curse {unknown}
 h - a scroll of immolation {unknown}
 i - a scroll of teleportation {unknown}
 k - a scroll of blinking {unknown}
Potions
 f - a potion of lignification {unknown}
 l - a potion of might {unknown}


   Skills:
 + Level 1.6 Short Blades
 - Level 2.0 Dodging
 + Level 3.8 Stealth
 - Level 3.0 Spellcasting
 * Level 2.5 Conjurations
 - Level 1.0 Summonings
 - Level 1.0 Translocations


You had 8 spell levels left.
You knew the following spells:

 Your Spells              Type           Power        Failure   Level
a - Magic Dart            Conj           44%          6%          1

Your spell library contained the following spells:

 Spells                   Type           Power        Failure   Level
 Blink                    Tloc           N/A          17%         2
 Call Imp                 Summ           5%           17%         2
 Slow                     Hex            2%           26%         2
 Conjure Flame            Conj/Fire      6%           30%         3
 Mephitic Cloud           Conj/Pois/Air  5%           36%         3


Dungeon Overview and Level Annotations

Branches:
Dungeon (2/15)

Altars:


Innate Abilities, Weirdness & Mutations

You cannot wear most types of armour.
You are very stealthy in the water. (Stealth+)
You are amphibious.
You can wear up to eight rings at the same time.
You can use your tentacles to constrict eight enemies at once.
Your skin changes colour to match your surroundings (Stealth+).
Your rubbery body absorbs attacks. (AC +1, EV +1)


Message History

MP restored: 7
(D) Dungeon
Where to? (? - help)
There is a stone staircase leading down here.
You climb downwards.
There is a stone staircase leading up here.
k - a scroll labelled SIHA OXUCWA
Found a stone staircase leading down.
An adder comes into view.
The magic dart hits the adder.
The adder hisses angrily.
You now have 6/7 mp.
The magic dart hits the adder but does no damage.
You now have 5/7 mp.
The magic dart hits the adder.
You now have 4/7 mp.
You miscast Magic Dart.
You are very lightly contaminated with residual magic.
Nothing appears to happen.
You now have 3/7 mp.
You hit the adder.
You kill the adder!
No target in view!
Your magical contamination has completely faded away.
l - a fizzy yellow potion MP restored: 7 A gnoll comes into view.
It is wielding a +0 club.
The magic dart hits the gnoll but does no damage.
The gnoll shouts!
You hear a shout! x3
A gnoll comes into view. It is wielding a +0 halberd.
You now have 6/7 mp.
The magic dart hits the gnoll.
A gnoll comes into view. It is wielding a +0 spear.
You now have 5/7 mp.
The magic dart hits the gnoll.
You now have 4/7 mp.
You hit the gnoll but do no damage. Your grab misses the gnoll.
An adder comes into view.
The gnoll misses you.
You hit the gnoll. You grab the gnoll. You squeeze the gnoll.
You constrict the gnoll, but do no damage.
You hit the gnoll.
You kill the gnoll!
A gnoll comes into view. It is wielding a +0 flail.
The gnoll hits you from afar with a +0 halberd.
You have reached level 4!
You take 1 damage, and have 20/27 hp.
The gnoll barely misses you.
MP restored: 8
There is a stone staircase leading up here.
The gnoll barely misses you. The gnoll completely misses you.
The gnoll hits you from afar with a +0 spear.
You take 1 damage, and have 23/27 hp.
You hit the gnoll but do no damage. You grab the gnoll.
You constrict the gnoll. The gnoll hits you but does no damage.
The gnoll misses you.
You hit the gnoll but do no damage.
You constrict the gnoll, but do no damage.
The gnoll misses you.
You hit the gnoll but do no damage. You squeeze the gnoll.
You constrict the gnoll. The gnoll hits you with a +0 halberd!
The gnoll closely misses you.
You take 9 damage, and have 14/27 hp.
MASSIVE DAMAGE!!
You hit the gnoll.
You feel better.
You constrict the gnoll. The gnoll barely misses you.
The gnoll hits you from afar with a +0 spear!
* * * LOW HITPOINT WARNING * * *
You take 6 damage, and have 8/27 hp.
MASSIVE DAMAGE!!
You release your grip on the gnoll.
The gnoll hits you but does no damage.
There is a stone staircase leading up here.
The gnoll completely misses you.
You climb upwards.
There is a stone staircase leading down here.
You start resting.
Health restored: 27 You climb downwards.
The gnoll hits you from afar with a +0 spear.
The gnoll hits you with a +0 halberd!
There is a stone staircase leading up, spattered with blood here.
You take 10 damage, and have 17/27 hp.
MASSIVE DAMAGE!!
The gnoll barely misses you. x2
You climb upwards.
There is a stone staircase leading down here.
You barely miss the gnoll. Your grab misses the gnoll. You squeeze the gnoll!
The gnoll hits you with a +0 halberd!
* * * LOW HITPOINT WARNING * * *
You take 13 damage, and have 4/27 hp.
MASSIVE DAMAGE!!
You barely miss the gnoll. Your grab misses the gnoll.
You closely miss the gnoll. Your grab misses the gnoll.
The gnoll closely misses you.
You hit the gnoll. You grab the gnoll.
You constrict the gnoll, but do no damage.
The gnoll hits you with a +0 halberd!!
Ouch! That really hurt!
You die...

.# #.# #.#.##...# .# #.#
#.#.##...# ## #.#
#.#..#...# #
#.#####.##.#...# #
#..)....##.....#
##############....#
.......#######...##
.............)...#######
.......###......@......#
..###### #.####..g.....#
#.# #.# #........# ..#
#.####........# ###
#.............#
##########.####........#
........#### #........#
#######.#######........#
...# #.#.....#........#


You could see a gnoll.

Vanquished Creatures
  A gnoll (D:2)
  An adder (D:2)
  A leopard gecko (D:1)
  2 giant cockroaches (D:1)
  6 goblins (D:1)
  6 hobgoblins (D:1)
  2 jackals (D:1)
  3 bats (D:1)
  3 frilled lizards (D:1)
  6 kobolds (D:1)
  5 rats (D:1)
36 creatures vanquished.

Notes
Turn   | Place    | Note
-------+----------+-------------------------------------------
     0 | D:1      | sokol815 the Octopode Hedge Wizard began the quest for the
                  | Orb.
     0 | D:1      | Reached XP level 1. HP: 11/11 MP: 4/4
    90 | D:1      | Reached skill level 3 in Stealth
   150 | D:1      | Reached XP level 2. HP: 13/17 MP: 1/6
   275 | D:1      | Reached skill level 1 in Short Blades
   637 | D:1      | Reached XP level 3. HP: 21/21 MP: 5/7
   694 | D:1      | Reached skill level 2 in Conjurations
  1506 | D:2      | Reached XP level 4. HP: 20/27 MP: 4/8
  1756 | D:1      | HP: 4/27 [gnoll/+0 halberd (13)]
  1759 | D:1      | Demolished by a gnoll

Illustrated notes

Levels and vault maps discovered:
D:1:      lemuel_arrival_behind_the_door_small, layout_basic
D:2:      layout_basic, uniq_robin, uniq_natasha

Skill      XL: |  1  2  3 |
---------------+----------+-----
Stealth        | 3 |  3.8
Short Blades   | 1 |  1.6
Conjurations   | 2 |  2.5
Dodging        | |  2.0
Spellcasting   | |  3.0
Summonings     | |  1.0
Translocations | |  1.0

Action                   |  1- 3 |  4- 6 || total
-------------------------+-------+-------++-------
Melee: Dagger            |    26 |     8 ||    34
       Constrict         |     9 |     2 ||    11
       Tentacles         |     3 |     2 ||     5
 Cast: Magic Dart        |    56 |       ||    56
 Stab: Sleeping          |     1 |       ||     1
Armor: Skin              |       |     1 ||     1
Dodge: Dodged            |    11 |    11 ||    22

Table legend: (Time is in decaauts)
 A = Elapsed time spent in this place.
 B = Non-inter-level travel time spent in this place.
 C = Inter-level travel time spent in this place.
 D = Time resting spent in this place.
 E = Time spent auto-exploring this place.
 F = Levels seen in this place.
 G = Mean time per level.
                   A        B        C        D        E       F      G
               +--------+--------+--------+--------+--------+-----+--------+
         Total |   1757 |   1711 |     46 |    332 |   1164 |   2 |  878.5 |
       Dungeon |   1757 |   1711 |     46 |    332 |   1164 |   2 |  878.5 |
               +--------+--------+--------+--------+--------+-----+--------+

Top non-repeatable levels by time:
     D:1: 1620 daAuts
     D:2: 136 daAuts

Table legend:
 A = Kills in this place as a percentage of kills in entire the game.
 B = Kills by you in this place as a percentage of kills by you in the entire game.
 C = Kills by friends in this place as a percentage of kills by friends in the entire game.
 D = Other kills in this place as a percentage of other kills in the entire game.
 E = Experience gained in this place as a percentage of experience gained in the entire game.
 F = Experience gained in this place divided by the number of levels of this place that you have seen.
                   A       B       C       D       E      F
               +-------+-------+-------+-------+-------+----------------------
         Total | 100.0 | 100.0 |   N/A |   N/A | 100.0 |  41.5
       Dungeon | 100.0 | 100.0 |   N/A |   N/A | 100.0 |  41.5
               +-------+-------+-------+-------+-------+----------------------
